 Dungeon Crawl Stone Soup version 0.29-a0-821-g66395355a5 (webtiles) character file.

Game seed: 8947054500188677786

263 RBrandon the Chopper (level 6, 0/50 (53) HPs)
             Began as a Meteoran Fighter on July 7, 2022.
             Slain by Crazy Yiuf
             ... wielding a +3 quarterstaff of chaos
              (1 damage)
             ... on level 3 of the Dungeon.
             The game lasted 00:04:33 (645 turns).

RBrandon the Chopper (Meteoran Fighter)              Turns: 645, Time: 00:04:33

HP:   0/50 (53)     AC:  7    Str: 19    XL:     6   Next: 71%
MP:   7/7           EV:  9    Int: 10    God:
Gold: 59            SH:  5    Dex: 14    Spells: 5/5 levels left

rFire   . . .      SeeInvis .   a - +0 war axe
rCold   . . .      Faith    .   c - +0 buckler
rNeg    . . .      Spirit   .   b - +0 scale mail
rPois   .          Reflect  .   (no helmet)
rElec   .          Harm     .   (no cloak)
rCorr   .          Rampage  .   (no gloves)
Will    .....                   (no boots)
Stlth   ..........              (no amulet)
HPRegen 0.16/turn               (no ring)
MPRegen 0.10/turn               (no ring)

@: mighty, glowing, drained
A: sense surroundings 1, otherworldly, glowing, explore regen
a: no special abilities


You were on level 3 of the Dungeon.
You visited 1 branch of the dungeon, and saw 3 of its levels.

You collected 59 gold pieces.

Inventory:

Hand Weapons
 a - a +0 war axe (weapon)
Missiles
 h - 3 javelins (quivered)
 k - 6 poisoned darts
Armour
 b - a +0 scale mail (worn)
 c - a +0 buckler (worn)
Scrolls
 g - a scroll of amnesia {unknown}
 m - a scroll of identify {unknown}
 n - a scroll of teleportation {unknown}
Potions
 e - 2 potions of berserk rage {unknown}
 f - 3 potions of flight {unknown}
 i - a potion of haste
 j - 2 potions of lignification {unknown}
 l - a potion of brilliance {unknown}
 o - a potion of degeneration {unknown}


   Skills:
 + Level 4.3 Fighting
 * Level 5.1 Axes
 + Level 4.9 Armour
 + Level 4.8 Shields


You had 5 spell levels left.
You didn't know any spells.
Your spell library was empty.

Dungeon Overview and Level Annotations

Branches:
Dungeon (3/15) Zot: 1109

Altars:
Nemelex Xobeh

Shops:
D:3 [(*[

Annotations:
D:3 Crazy Yiuf


Innate Abilities, Weirdness & Mutations

You passively map a small area around you.
You are easily found by Zot.
You glow in the dark.
You regain HP and MP as you explore.


Message History

The hobgoblin hits you.
You closely miss the hobgoblin. The hobgoblin hits you.
You slash the hobgoblin!
You kill the hobgoblin!
You see here a hobgoblin corpse.
There is a stone staircase leading down here.
Found a hammer.
Found a runed translucent door.
Crazy Yiuf shouts!
As you open the door, it creaks loudly!
Crazy Yiuf yells, "Line noodlescoop down!"
Crazy Yiuf drinks a potion.
Crazy Yiuf seems to speed up.
You aren't carrying any items that you can evoke.
You feel very mighty all of a sudden.
Crazy Yiuf whimpers, "Cake horse rumpyflump!"
Crazy Yiuf completely misses you.
You closely miss Crazy Yiuf.
Crazy Yiuf hits you with a +3 quarterstaff of chaos!
You feel drained.
You hit Crazy Yiuf but do no damage.
Crazy Yiuf hits you with a +3 quarterstaff of chaos.
Crazy Yiuf freezes you.
Crazy Yiuf hits you with a +3 quarterstaff of chaos.
You are electrocuted!
* * * LOW HITPOINT WARNING * * *
You closely miss Crazy Yiuf. Crazy Yiuf closely misses you.
Crazy Yiuf barely misses you.
You slash Crazy Yiuf!
Crazy Yiuf is heavily wounded.
Crazy Yiuf hits you with a +3 quarterstaff of chaos!
* * * LOW HITPOINT WARNING * * *
You feel mightier all of a sudden. Crazy Yiuf closely misses you.
You barely miss Crazy Yiuf.
Crazy Yiuf is heavily wounded.
Crazy Yiuf hits you with a +3 quarterstaff of chaos.
* * * LOW HITPOINT WARNING * * *
You feel drained.
* * * LOW HITPOINT WARNING * * *
Crazy Yiuf hits you with a +3 quarterstaff of chaos.
You die...

, #.###.##
#.....###.. #
###
#..........
##.....###..
, #####
#.....## #..
, #)..#
###.### ##. ,
#...# #..##
## , , ...
#...# #g#
#..## ♣@♣♣
###..# ♣♣.♣
#....# * , *
♣.♣♣ ####.# *
** ♣♣.♣ #.# *
♣♣.♣♣ ###.#
♣♣...♣ #...#
* ♣^...♣
##.### #....#
#....#
#....####...#


You could see Crazy Yiuf (fast).

Vanquished Creatures
  Sigmund (D:2)
  2 adders
  A worm (D:3)
  3 dart slugs
  3 ball pythons
  5 bats
  5 endoplasms
  6 hobgoblins
  6 jackals
  2 quokkas (D:1)
  3 frilled lizards
  11 kobolds
  4 rats
52 creatures vanquished.

Vanquished Creatures (others)
  3 plants (D:3)
  10 toadstools (D:2)
13 creatures vanquished.

Grand Total: 65 creatures vanquished

Notes
Turn   | Place    | Note
-------+----------+-------------------------------------------
     0 | D:1      | RBrandon the Meteoran Fighter began the quest for the Orb.
     0 | D:1      | Reached XP level 1. HP: 19/19 MP: 2/2
    53 | D:1      | Reached XP level 2. HP: 19/26 MP: 3/3
   121 | D:1      | Reached skill level 3 in Axes
   131 | D:1      | Reached XP level 3. HP: 25/31 MP: 4/4
   216 | D:2      | Found a sparkling altar of Nemelex Xobeh.
   219 | D:2      | Noticed Sigmund
   230 | D:2      | Killed Sigmund
   231 | D:2      | Reached skill level 4 in Axes
   231 | D:2      | Reached XP level 4. HP: 28/40 MP: 5/5
   231 | D:2      | Reached XP level 5. HP: 32/46 MP: 6/6
   231 | D:2      | Reached XP level 6. HP: 37/52 MP: 7/7
   313 | D:2      | Reached skill level 5 in Axes
   457 | D:3      | Found Pemooq's Antique Weapon Emporium.
   514 | D:3      | Found Xuebuimm's Armour Shoppe.
   543 | D:3      | Found Wikkitun's Assorted Antiques.
   546 | D:3      | Found Zeqaetinam's Antique Armour Shoppe.
   635 | D:3      | Found a runed translucent door.
   636 | D:3      | Noticed Crazy Yiuf
   645 | D:3      | HP: 2/51 [Crazy Yiuf/+3 quarterstaff of chaos (5)]
   645 | D:3      | Slain by Crazy Yiuf

Illustrated notes

Levels and vault maps discovered:
D:1:      mushboom_english_gardens, layout_basic
D:2:      cheibrodos_fertilizer, layout_basic,
          hellmonk_ecumenical_altar_watching_god, basic_altar, uniq_sigmund
D:3:      cheibrodos_old_hovel, layout_loops_cross,
          nicolae_overflow_crystal_walls, serial_shops,
          nicolae_shop_hallway_plus, nicolae_shop_stone, shop, shop,
          kennysheep_generic_room_3, uniq_crazy_yiuf_cottage

Skill      XL: |  1  2  3  4  5  6 |
---------------+-------------------+-----
Axes           | 3 4 5 |  5.1
Shields        | 4 |  4.8
Armour         | 4 |  4.9
Fighting       | 4 |  4.3

Action                   |  1- 3 |  4- 6 || total
-------------------------+-------+-------++-------
Melee: War axe           |    67 |    68 ||   135
  Use: Potion            |     1 |     2 ||     3
Armor: Scale mail        |    37 |    36 ||    73
Dodge: Dodged            |    25 |    28 ||    53
Block: Buckler           |    23 |    18 ||    41

Table legend: (Time is in decaauts)
 A = Elapsed time spent in this place.
 B = Non-inter-level travel time spent in this place.
 C = Inter-level travel time spent in this place.
 D = Time resting spent in this place.
 E = Time spent auto-exploring this place.
 F = Levels seen in this place.
 G = Mean time per level.
                   A        B        C        D        E       F      G
               +--------+--------+--------+--------+--------+-----+--------+
         Total |    689 |    689 |      0 |      2 |      0 |   3 |  229.7 |
       Dungeon |    689 |    689 |      0 |      2 |      0 |   3 |  229.7 |
               +--------+--------+--------+--------+--------+-----+--------+

Top non-repeatable levels by time:
     D:3: 233 daAuts
     D:2: 232 daAuts
     D:1: 223 daAuts

Table legend:
 A = Kills in this place as a percentage of kills in entire the game.
 B = Kills by you in this place as a percentage of kills by you in the entire game.
 C = Kills by friends in this place as a percentage of kills by friends in the entire game.
 D = Other kills in this place as a percentage of other kills in the entire game.
 E = Experience gained in this place as a percentage of experience gained in the entire game.
 F = Experience gained in this place divided by the number of levels of this place that you have seen.
                   A       B       C       D       E      F
               +-------+-------+-------+-------+-------+----------------------
         Total | 100.0 | 100.0 |   N/A |   N/A | 100.0 | 125.3
       Dungeon | 100.0 | 100.0 |   N/A |   N/A | 100.0 | 125.3
               +-------+-------+-------+-------+-------+----------------------
